AoeStats
← El_antipasto

Pilgrims

507403639Analyzed
2v2 RM · 15d ago on Sep 18, 2026· 21m 17s· 4 players
Game mode
Random Map
Map size
Medium (4 player)
Population
200
Speed
Normal
Resources
Standard
Victory
Conquest
Starting age
Dark Age
Ending age
Imperial Age
RankedLock teamsTeams togetherTeam positionsShared explorationLock speedFull tech treeHidden civsTurbo modeCheats
Victory
Defeat
🇺🇸 Portuguese · United States
1079
+15
🇺🇸 Persians · United States
1063
+16
🇦🇷 Inca · Argentina
1124
-18
🇺🇸 Vikings · United States
992
-13
GJBrannock
10:26 Feudal Age
10:53 Loom
12:02 Wheelbarrow
11:14 Town Watch
The Gobbler
12:47 Feudal Age
12:30 Loom
17:05 Castle Age
18:54 Double-Bit Axe
23:18 Imperial Age
DressComic11760
4:59 Loom
12:41 Feudal Age
12:52 Man-at-Arms
14:31 Fletching
El_antipasto
7:02 Loom
10:23 Feudal Age
17:29 Castle Age
16:20 Double-Bit Axe
16:15 Horse Collar
Connection lost

Rejoining the realm…

Still unreachable

The connection could not be restored.

Session expired

The server has moved on; the page needs a fresh start.